 Dungeon Crawl Stone Soup version 0.28-a0-245-g639a1a48b9 (webtiles) character file.

Game seed: 14270691743651343454

84 willcat the Sneak (level 4, -16/28 HPs)
             Began as a Kobold Delver on Aug 24, 2021.
             Killed by an exploding phantom (24 damage)
             ... ignited by their inner flame
             ... on level 5 of the Dungeon.
             The game lasted 00:00:38 (171 turns).

willcat the Sneak (Kobold Delver)                    Turns: 171, Time: 00:00:39

Health: -16/28     AC:  3    Str:  9    XL:     4   Next: 74%
Magic:  4/4        EV: 15    Int: 11    God:
Gold:   0          SH:  0    Dex: 17    Spells: 3/3 levels left

rFire   . . .      SeeInvis .   a - +0 short sword
rCold   . . .      Faith    .   (shield restricted)
rNeg    . . .      Spirit   .   b - +0 leather armour
rPois   .          Reflect  .   (no helmet)
rElec   .          Harm     .   (no cloak)
rCorr   .          Rampage  .   (no gloves)
Will    .....                   (no boots)
Stlth   +++++.....              (no amulet)
HPRegen 0.09/turn               (no ring)
MPRegen 0.09/turn               (no ring)

@: no status effects
A: small, no large weapons, nightstalker 3
a: no special abilities


You were on level 5 of the Dungeon.
You visited 1 branch of the dungeon, and saw 1 of its levels.

Inventory:

Hand Weapons
 a - a +0 short sword (weapon)
Armour
 b - a +0 leather armour (worn)
Wands
 g - a wand of digging (3)
Scrolls
 c - a scroll of fog
 d - a scroll of magic mapping
 e - a scroll of fear
 i - a scroll of torment {unknown}
Potions
 f - a potion of haste


   Skills:
 - Level 3.2 Fighting
 + Level 4.1 Short Blades
 + Level 3.7 Dodging
 + Level 7.4 Stealth


You had 3 spell levels left.
You didn't know any spells.
Your spell library was empty.

Dungeon Overview and Level Annotations

Branches:
Dungeon (5/15)
 Temple: D:4-7

Altars:


Innate Abilities, Weirdness & Mutations

You are small and have problems with some larger weapons.
You are completely attuned to the shadows.


Message History

Press: ? - help, v - describe, . - travel
Here: a kobold brigand, wielding a +2 dagger of speed and quivering curare-tipped darts The floor.
Unknown command.
Press: ? - help, v - describe, . - travel
Here: a kobold, wielding a +1 dagger of venom and quivering stones The floor.
Unknown command.
You hit the adder.
The adder is severely wounded.
The adder completely misses you. The adder bites you.
You barely miss the adder.
The adder is severely wounded.
The adder misses you.
You hit the adder.
You kill the adder!
Unknown command.
Okay, then.
Okay, then.
As you read the scroll labelled YKHLODORUJU, it crumbles to dust.
The creatures around you are filled with an inner flame!
It was a scroll of immolation.
The phantom hits you.
Unknown command.
You hit the phantom but do no damage. The phantom hits you.
You hit the phantom.
Flame seeps out of the phantom.
The phantom is lightly damaged.
The phantom is engulfed in blazing flames.
Flame seeps out of the phantom.
The phantom barely misses you.
You hit the phantom but do no damage.
The phantom is heavily damaged.
The phantom is engulfed in blazing flames.
Flame seeps out of the phantom.
The phantom hits you.
* * * LOW HITPOINT WARNING * * *
You hit the phantom but do no damage.
The phantom is almost destroyed.
The phantom is engulfed in blazing flames.
The phantom explodes!
The fiery explosion engulfs you!!
Ouch! That really hurt!
You die...

#.#.##.....##......
#.#.#......##......
#.#.####...##......
#.#.. +...##......
#.### #...# ......
#.# ....S. #.#
###############
#.###K......#
#.@°KK......#
#####.......#
#.......# +.......#
#.......# #.......#
#.......# #########


You could see a kobold brigand (inner flame) and 2 kobolds.

Vanquished Creatures
  A phantom (D:5)
  A hound (D:5)
  A jelly (D:5)
  A hound zombie (D:5)
  An adder (D:5)
5 creatures vanquished.

Notes
Turn   | Place    | Note
-------+----------+-------------------------------------------
     0 | D:5      | willcat the Kobold Delver began the quest for the Orb.
     0 | D:5      | Reached XP level 1. HP: 14/14 MP: 1/1
    41 | D:5      | Noticed a hound
    44 | D:5      | Killed a hound
    45 | D:5      | Reached skill level 7 in Stealth
    45 | D:5      | Reached XP level 2. HP: 19/19 MP: 2/2
    45 | D:5      | Reached XP level 3. HP: 23/23 MP: 3/3
    52 | D:5      | Reached XP level 4. HP: 28/28 MP: 4/4
   109 | D:5      | Noticed a phantom
   110 | D:5      | Noticed a water moccasin
   146 | D:5      | Noticed a kobold brigand
   171 | D:5      | Killed a phantom
   171 | D:5      | Killed by an exploding phantom... ignited by their inner
                  | flame

Illustrated notes

Levels and vault maps discovered:
D:5:      layout_basic, serial_shops, shop

Skill      XL: |  1  2  3 |
---------------+----------+-----
Short Blades   | 3 4 |  4.1
Dodging        | 3 |  3.7
Stealth        | 7 |  7.4
Fighting       | |  3.2

Action                   |  1- 3 |  4- 6 || total
-------------------------+-------+-------++-------
Melee: Short sword       |     3 |    15 ||    18
  Use: Scroll            |       |     1 ||     1
 Stab: Sleeping          |     3 |       ||     3
Armor: Leather armour    |       |     3 ||     3
Dodge: Dodged            |       |    14 ||    14

Table legend: (Time is in decaauts)
 A = Elapsed time spent in this place.
 B = Non-inter-level travel time spent in this place.
 C = Inter-level travel time spent in this place.
 D = Time resting spent in this place.
 E = Time spent auto-exploring this place.
 F = Levels seen in this place.
 G = Mean time per level.
                   A        B        C        D        E       F      G
               +--------+--------+--------+--------+--------+-----+--------+
         Total |    169 |    169 |      0 |      0 |     94 |   1 |  169.0 |
       Dungeon |    169 |    169 |      0 |      0 |     94 |   1 |  169.0 |
               +--------+--------+--------+--------+--------+-----+--------+

Top non-repeatable levels by time:
     D:5: 169 daAuts
